 Dungeon Sprint DCSS version 0.26-a0-1126-g3318b609a0 (webtiles) character file.

Game seed: 17808088486772890684

63576 rocky1 the Eclecticist (level 14, -6/87 HPs)
             Began as a Deep Elf Ice Elementalist on Dec 18, 2020.
             Was a High Priest of Sif Muna.
             Killed by divine providence
             ... invoked by a daeva
              (12 damage)
             ... in the Dungeon (Sprint VII: "The Pits").
             The game lasted 01:17:46 (6370 turns).

rocky1 the Eclecticist (Deep Elf Ice Elementalist)  Turns: 6370, Time: 01:17:47

Health: -6/87      AC: 11    Str:  5    XL:     14   Next: 68%
Magic:  21/37      EV: 28    Int: 26    God:    Sif Muna [*****.]
Gold:   22         SH:  5    Dex: 15    Spells: 4/48 levels left

rFire    + + .     SeeInvis .   w - staff of fire
rCold    . . .     Faith    .   L - +0 buckler {reflect}
rNeg     . . .     Spirit   .   m - +1 leather armour {rF+}
rPois    .         Reflect  +   x - +0 helmet
rElec    .         Harm     .   (no cloak)
rCorr    .         Rampage  .   K - +1 pair of gloves
Will     +....     NoTele   +   C - +1 pair of boots {Fly}
Stlth    ++........             D - amulet of regeneration
HPRegen  0.64/turn              n - +3 ring of evasion
MPRegen  0.25/turn              o - +3 ring of evasion

@: glowing
A: no striking features
a: Renounce Religion, Evoke Flight, Channel Magic, Forget Spell, Divine Exegesis


You were in the Dungeon.
You worshipped Sif Muna.
Sif Muna was extremely pleased with you.
You visited 1 branch You collected 22 gold pieces.

Inventory:

Hand Weapons
 a - a +0 mace
 b - a +0 quarterstaff of protection
 E - a +1 spectral lajatang
 I - a +0 glaive
 J - a +2 vampiric great sword
Armour
 m - a +1 leather armour of fire resistance (worn)
 x - a +0 helmet (worn)
 C - a +1 pair of boots of flying (worn)
 F - a +0 kite shield of reflection
 K - a +1 pair of gloves (worn)
 L - a +0 buckler of reflection (worn)
 M - the +3 ring mail of Perpetual Drought {rF+ rC+}
   (You found it in the Dungeon)

   It protects you from fire.
   It protects you from cold.
Magical Staves
 w - an uncursed staff of fire (weapon)
Jewellery
 n - a +3 ring of evasion (left hand)
 o - a +3 ring of evasion (right hand)
 v - an uncursed ring of magical power
 z - an uncursed ring of protection from cold
 D - an amulet of regeneration (around neck)
 H - an uncursed ring of magical power
Wands
 y - a wand of acid (12)
Scrolls
 j - 6 scrolls of remove curse
 k - 4 scrolls of amnesia
 l - a scroll of summoning
 s - a scroll of identify
 t - a scroll of fog
 u - 3 scrolls of fear
Potions
 c - 7 potions of curing
 e - 2 potions of haste
 f - a potion of magic
 g - 5 potions of berserk rage
 i - 2 potions of invisibility
 p - a potion of might
 q - a potion of mutation
 A - a potion of resistance
 B - a potion of brilliance
Miscellaneous
 r - a phantom mirror
 G - a condenser vane


   Skills:
 - Level 9.7 Fighting
 - Level 12.0 Staves
 - Level 10.0 Armour
 + Level 16.7 Dodging
 - Level 12.2 Stealth
 + Level 4.6 Shields
 + Level 17.9 Spellcasting
 + Level 13.7 Conjurations
 + Level 14.2 Fire Magic
 - Level 15.0 Ice Magic
 - Level 12.4 Air Magic
 - Level 11.4 Earth Magic
 + Level 14.2 Invocations


You had 4 spell levels left.
You knew the following spells:

 Your Spells              Type           Power        Failure   Level
a - Freeze                Ice            100%         0%          1
b - Frozen Ramparts       Ice            100%         1%          3
c - Ozocubu's Armour      Ice            79%          1%          3
d - Hailstorm             Conj/Ice       78%          1%          4
e - Starburst             Conj/Fire      48%          1%          6
f - Lightning Bolt        Conj/Air       37%          1%          5
g - Bolt of Magma         Conj/Fire/Erth 47%          1%          5
h - Fireball              Conj/Fire      48%          1%          5
i - Freezing Cloud        Conj/Ice/Air   38%          1%          6
j - Iron Shot             Conj/Erth      36%          2%          6

Your spell library contained the following spells:

 Spells                   Type           Power        Failure   Level
 Foxfire                  Conj/Fire      100%         0%          1
 Magic Dart               Conj           100%         0%          1
 Shock                    Conj/Air       100%         0%          1
 Corpse Rot               Necr/Air       N/A          1%          2
 Ensorcelled Hibernation  Hex/Ice        100%         1%          2
 Passwall                 Tmut/Erth      43%          1%          2
 Swiftness                Air            73%          1%          2
 Conjure Flame            Conj/Fire      97%          1%          3
 Dazzling Flash           Conj/Hex       100%         1%          3
 Inner Flame              Hex/Fire       74%          1%          3
 Mephitic Cloud           Conj/Pois/Air  62%          1%          3
 Static Discharge         Conj/Air       75%          1%          3
 Stone Arrow              Conj/Erth      100%         1%          3
 Airstrike                Air            36%          1%          4
 Fulminant Prism          Conj/Hex       28%          1%          4
 Ice Form                 Ice/Tmut       58%          1%          4
 Iskenderun's Mystic Bla  Conj/Tloc      56%          1%          4
 Sticky Flame             Conj/Fire      97%          1%          4
 Summon Ice Beast         Ice/Summ       58%          1%          4
 Leda's Liquefaction      Hex/Erth       26%          2%          4
 Summon Lightning Spire   Summ/Air       54%          2%          4
 Animate Skeleton         Necr           46%          3%          1
 Apportation              Tloc           46%          3%          1
 Corona                   Hex            25%          3%          1
 Summon Small Mammal      Summ           92%          3%          1
 Sublimation of Blood     Necr           11%          4%          2
 Summon Guardian Golem    Hex/Summ       23%          9%          3
 Vampiric Draining        Necr           11%          9%          3
 Animate Dead             Necr           11%          30%         4
 Iskenderun's Battlesphe  Conj           76%          1%          5
 Lee's Rapid Deconstruct  Erth           35%          1%          5
 Conjure Ball Lightning   Conj/Air       37%          1%          6
 Ozocubu's Refrigeration  Ice            39%          1%          6
 Metabolic Englaciation   Hex/Ice        29%          3%          5
 Irradiate                Conj/Tmut      28%          4%          5
 Silence                  Hex/Air        27%          6%          5
 Borgnjor's Vile Clutch   Necr/Erth      26%          8%          5
 Orb of Destruction       Conj           38%          9%          7
 Simulacrum               Ice/Necr       29%          22%         6
 Statue Form              Tmut/Erth      34%          41%         6
 Ignition                 Fire           49%          50%         8
 Agony                    Necr           23%          63%         5
 Alistair's Intoxication  Tmut/Pois      15%          63%         5
 Blade Hands              Tmut           11%          63%         5
 Excruciating Wounds      Necr           11%          63%         5
 Summon Demon             Summ           11%          63%         5
 Summon Forest            Summ/Tloc      11%          63%         5
 Yara's Violent Unravell  Hex/Tmut       11%          63%         5
 Chain Lightning          Conj/Air       37%          65%         8
 Lehudib's Crystal Spear  Conj/Erth      36%          75%         8
 Spellforged Servitor     Conj/Summ      28%          83%         7
 Hydra Form               Tmut           11%          99%         6
 Invisibility             Hex            23%          99%         6
 Shadow Creatures         Summ           N/A          99%         6
 Haunt                    Necr/Summ      11%          100%        7
 Malign Gateway           Summ/Tloc      11%          100%        7
 Monstrous Menagerie      Summ           11%          100%        7
 Summon Greater Demon     Summ           11%          100%        7
 Borgnjor's Revivificati  Necr           11%          100%        8
 Infestation              Necr           11%          100%        8
 Necromutation            Tmut/Necr      11%          100%        8
 Summon Horrible Things   Summ           11%          100%        8
 Fire Storm               Conj/Fire      48%          100%        9
 Shatter                  Erth           35%          100%        9
 Tornado                  Air            36%          100%        9


Dungeon Overview and Level Annotations

Branches:
Dungeon (1/1)

Altars:
Ashenzari
Cheibriados
Dithmenos
Elyvilon
Fedhas
Gozag
Hepliaklqana
Kikubaaqudgha
Makhleb
Nemelex Xobeh
Okawaru
Qazlal
Ru
Sif Muna
Trog
Uskayaw
Vehumet
Wu Jian
Xom
Yredelemnul
Zin
The Shining One
Beogh
Jiyva
Lugonu


Message History

Okay, then.
Aiming: Lehudib's Crystal Spear
Press: ? - help, Shift-Dir - straight line, f/p - daeva
Aim: a daeva, wielding a +2 long sword of holy wrath and wearing a +0 tower shield (freezing vapour, moderately wounded, haloed, 15% to evade)
The daeva blocks the crystal spear.
The daeva is engulfed in freezing vapours.
The daeva calls down the wrath of the Shining One upon you.
The Shining One smites you!
* * * LOW HITPOINT WARNING * * *
Aiming: Lehudib's Crystal Spear
Press: ? - help, Shift-Dir - straight line, f/p - daeva
Aim: a daeva, wielding a +2 long sword of holy wrath and wearing a +0 tower shield (freezing vapour, moderately wounded, haloed, 15% to evade)
The daeva blocks the crystal spear.
The spriggan air mage waves its arms in wide circles.
The air twists around and strikes you!
* * * LOW HITPOINT WARNING * * *
The daeva is engulfed in freezing vapours.
The daeva calls down the wrath of the Shining One upon you.
The Shining One smites you!
You die...

#.. #####++##### #p. #..........#
#.†##..........# #.○E'..#.(..#..#
#..''A.........# ### ###
#####.)........#
####.####.###########).#)...#..#
................§§§§(:)........#
.........[).....@§A§i[.........#
.#######)####.###§§##..#....#..#
.##.#.#)#)#.#.#.#..##).........+
.#.#.#.#[#)#.#.##..##...[......+
.##.#.#.#.#)#.#.#..####''####['#
.#.#.#.#(#(#)#.##..####'[####''##
.##.#.#.#)#.#.#.#..##......##..[[
.#.##############..##.#'##.##...[
...................##.#)['.##..##


You could see a daeva and a spriggan air mage (repels missiles).

Vanquished Creatures
  Saint Roka (D)
  A hellephant (D)
  Frances (D)
  Agnes (D)
  Donald (D)
  A nagaraja (D)
  2 orc warlords (D)
  2 deep elf demonologists (D)
  A vampire knight (D)
  A dire elephant (D)
  A red draconian (D)
  A deep elf annihilator (D)
  A mummy priest (D)
  A vault guard (D)
  3 hydras (D)
  3 naga warriors (D)
  A boulder beetle (D)
  A death knight (D)
  A two-headed ogre (D)
  3 hell hogs (D)
  A spriggan berserker (D)
  2 death yaks (D)
  A sun demon (D)
  11 hell knights (D)
  Urug (D)
  3 shadow wraiths (D)
  2 deep elf knights (D)
  A fire crab (D)
  A cherub (D)
  A wizard (D)
  A lindwurm (D)
  3 necromancers (D)
  17 orc knights (D)
  3 deep elf magi (D)
  A manticore (D)
  A wolf spider (D)
  A black mamba (D)
  A rust devil (D)
  2 orange demons (D)
  A gargoyle (D)
  2 smoke demons (D)
  2 efreet (D)
  A cane toad (D)
  2 freezing wraiths (D)
  2 ice devils (D)
  A rime drake (D)
  A hellwing (D)
  A wandering mushroom (D)
  A red devil (D)
  A polar bear (D)
  A hornet (D)
  Grinder (D)
  3 blink frogs (D)
  A vampire (D)
  A shadow (D)
  2 spriggans (D)
  A ynoxinul (D)
  7 redbacks (D)
  3 yaks (D)
  A tarantella (D)
  Eustachio (D)
  A fire elemental (D)
  A basilisk (D)
  A chaos spawn (D)
  2 neqoxecs (D)
  2 wargs (D)
  An acid dragon (D)
  2 floating eyes (D)
  6 orc warriors (D)
  2 eyes of draining (D)
  A wolf (D)
  An ogre (D)
  A centaur (D)
  An earth elemental (D)
  A quasit (D)
  3 orc priests (D)
  A hound (D)
  2 orc wizards (D)
  An iguana (D)
  2 worker ants (D)
  A hell rat (D)
  2 gnolls (D)
  4 river rats (D)
  A white imp (D)
  An ooze (D)
  2 worms (D)
  16 orcs (D)
  A hobgoblin (D)
  2 jackals (D)
  A bat (D)
  A frilled lizard (D)
183 creatures vanquished.

Vanquished Creatures (others)
  A hell hog (D)
  A redback (D)
  A bat simulacrum (D)
3 creatures vanquished.

Grand Total: 186 creatures vanquished

Notes
Turn   | Place    | Note
-------+----------+-------------------------------------------
     0 | D        | rocky1 the Deep Elf Ice Elementalist began the quest for
                  | the Orb.
     0 | D        | Reached XP level 1. HP: 10/10 MP: 6/6
    11 | D        | Noticed a floating eye
    21 | D        | Paralysed by a floating eye for 2 turns
    29 | D        | Paralysed by a floating eye for 2 turns
    37 | D        | Paralysed by a floating eye for 4 turns
    47 | D        | Paralysed by a floating eye for 2 turns
    52 | D        | Paralysed by a floating eye for 4 turns
    59 | D        | Killed a floating eye
    60 | D        | Reached skill level 5 in Dodging
    60 | D        | Reached skill level 5 in Stealth
    60 | D        | Reached skill level 6 in Spellcasting
    60 | D        | Reached XP level 2. HP: 19/19 MP: 7/11
    60 | D        | Reached XP level 3. HP: 23/23 MP: 7/12
    60 | D        | Reached XP level 4. HP: 28/28 MP: 8/14
    64 | D        | Learned a level 3 spell: Frozen Ramparts
    68 | D        | Learned a level 3 spell: Ozocubu's Armour
    94 | D        | Found a bloodstained altar of Trog.
    94 | D        | Found a shimmering blue altar of Sif Muna.
    94 | D        | Found a viscous altar of Jiyva.
    94 | D        | Found a hazy altar of Hepliaklqana.
    94 | D        | Found an opulent altar of Gozag.
    95 | D        | Found a glowing golden altar of the Shining One.
    95 | D        | Found a glowing silver altar of Zin.
    95 | D        | Found a basalt altar of Yredelemnul.
    95 | D        | Found a shimmering altar of Xom.
    95 | D        | Found an ornate altar of the Wu Jian Council.
    95 | D        | Found a sacrificial altar of Ru.
    95 | D        | Found a stormy altar of Qazlal.
    95 | D        | Found an iron altar of Okawaru.
    95 | D        | Found a sparkling altar of Nemelex Xobeh.
    95 | D        | Found a burning altar of Makhleb.
    95 | D        | Found a blossoming altar of Fedhas.
    95 | D        | Found a white marble altar of Elyvilon.
    95 | D        | Found a shadowy altar of Dithmenos.
    95 | D        | Found a snail-covered altar of Cheibriados.
    97 | D        | Found a radiant altar of Vehumet.
    97 | D        | Found a corrupted altar of Lugonu.
    97 | D        | Found a roughly hewn altar of Beogh.
    98 | D        | Found a hide-covered altar of Uskayaw.
    98 | D        | Found an ancient bone altar of Kikubaaqudgha.
    98 | D        | Found a broken altar of Ashenzari.
   100 | D        | Became a worshipper of Sif Muna the Loreminder
   145 | D        | Reached * piety under Sif Muna
   151 | D        | Reached XP level 5. HP: 32/32 MP: 8/15
   202 | D        | Noticed a floating eye
   211 | D        | Reached ** piety under Sif Muna
   214 | D        | Killed a floating eye
   409 | D        | Learned a level 4 spell: Hailstorm
   420 | D        | Noticed a deep elf mage
   420 | D        | Noticed a centaur
   423 | D        | Reached *** piety under Sif Muna
   426 | D        | Reached skill level 1 in Conjurations
   426 | D        | Reached skill level 1 in Invocations
   426 | D        | Reached XP level 6. HP: 37/37 MP: 10/17
   427 | D        | Reached **** piety under Sif Muna
   430 | D        | Killed a deep elf mage
   431 | D        | Reached skill level 9 in Spellcasting
   431 | D        | Reached skill level 5 in Conjurations
   431 | D        | Reached skill level 10 in Ice Magic
   431 | D        | Reached skill level 5 in Invocations
   431 | D        | Reached XP level 7. HP: 41/41 MP: 7/21
   614 | D        | Reached ***** piety under Sif Muna
   617 | D        | Noticed a smoke demon
   622 | D        | Killed a smoke demon
   622 | D        | Identified Wauhy's Collected Works on Ghastly Earth (Sif
                  | Muna gifted it to you in the Dungeon)
   622 | D        | Received a gift from Sif Muna
   623 | D        | Reached skill level 10 in Spellcasting
   623 | D        | Reached XP level 8. HP: 43/46 MP: 13/24
   891 | D        | Noticed a deep elf mage
   891 | D        | Noticed an orange demon
   891 | D        | Noticed a black mamba
   905 | D        | Killed an orange demon
   906 | D        | Reached skill level 11 in Spellcasting
   906 | D        | Killed a deep elf mage
   916 | D        | Killed a black mamba
   917 | D        | Reached skill level 12 in Spellcasting
   917 | D        | Reached XP level 9. HP: 33/50 MP: 3/27
  1173 | D        | Noticed a manticore
  1190 | D        | Identified Sif Muna's Papyrus of Sinister Secrets and
                  | Weightlessness (Sif Muna gifted it to you in the Dungeon)
  1190 | D        | Received a gift from Sif Muna
  1316 | D        | Learned a level 8 spell: Chain Lightning
  1323 | D        | Noticed an eight-headed hydra
  1323 | D        | Noticed an efreet
  1323 | D        | Noticed a lindwurm
  1323 | D        | Noticed a polar bear
  1323 | D        | Noticed a death yak
  1350 | D        | Learned a level 5 spell: Lightning Bolt
  1359 | D        | Killed a manticore
  1360 | D        | Reached skill level 13 in Spellcasting
  1360 | D        | Reached skill level 10 in Conjurations
  1360 | D        | Reached skill level 1 in Air Magic
  1360 | D        | Reached skill level 10 in Invocations
  1445 | D        | Killed a shadow wraith
  1512 | D        | Noticed a vampire knight
  1558 | D        | Killed an efreet
  1558 | D        | Identified Veykk's Reference Book on Ashen Calling (Sif
                  | Muna gifted it to you in the Dungeon)
  1558 | D        | Received a gift from Sif Muna
  1559 | D        | Reached XP level 10. HP: 38/56 MP: 14/29
  1559 | D        | Killed a lindwurm
  1560 | D        | Killed an eight-headed hydra
  1561 | D        | Reached skill level 14 in Spellcasting
  1561 | D        | Reached skill level 5 in Air Magic
  1565 | D        | Killed a death yak
  1694 | D        | Noticed a gargoyle
  1771 | D        | Noticed Eustachio
  1779 | D        | Noticed Urug
  1783 | D        | Noticed a deep elf mage
  1783 | D        | Killed Eustachio
  1790 | D        | Killed Urug
  1790 | D        | Identified Sif Muna's Second Course in Spellweaving (Sif
                  | Muna gifted it to you in the Dungeon)
  1790 | D        | Received a gift from Sif Muna
  1790 | D        | Killed a deep elf mage
  1791 | D        | Reached skill level 15 in Spellcasting
  1791 | D        | Reached XP level 11. HP: 20/60 MP: 8/32
  1994 | D        | Learned a level 5 spell: Bolt of Magma
  2000 | D        | Learned a level 5 spell: Fireball
  2049 | D        | Noticed an eight-headed hydra
  2056 | D        | Killed an eight-headed hydra
  2057 | D        | Reached skill level 1 in Fire Magic
  2057 | D        | Reached skill level 1 in Earth Magic
  2371 | D        | Reached skill level 15 in Ice Magic
  2753 | D        | Noticed Grinder
  2754 | D        | Noticed a death yak
  2809 | D        | Identified Sif Muna's Collected Works on the Cloudy
                  | Frostbite (Sif Muna gifted it to you in the Dungeon)
  2809 | D        | Received a gift from Sif Muna
  2818 | D        | Learned a level 6 spell: Freezing Cloud
  2859 | D        | Killed Grinder
  2992 | D        | Noticed a six-headed hydra
  3000 | D        | Killed a six-headed hydra
  3001 | D        | Reached skill level 16 in Spellcasting
  3070 | D        | Killed a shadow wraith
  3071 | D        | Reached skill level 5 in Fire Magic
  3071 | D        | Reached skill level 5 in Earth Magic
  3092 | D        | Identified Wianus's Catalogue of Companions (Sif Muna
                  | gifted it to you in the Dungeon)
  3092 | D        | Received a gift from Sif Muna
  3667 | D        | Killed a death yak
  3668 | D        | Reached skill level 1 in Staves
  3897 | D        | Noticed a hell hog
  3897 | D        | Noticed a hell hog
  3897 | D        | Noticed a hell hog
  3897 | D        | Noticed a hell hog
  3897 | D        | Noticed a hell knight
  3897 | D        | Noticed a hell knight
  3897 | D        | Noticed a hell knight
  3897 | D        | Noticed a necromancer
  3899 | D        | Killed a hell hog
  3899 | D        | Killed a hell knight
  3900 | D        | Reached skill level 1 in Armour
  3900 | D        | Reached skill level 10 in Dodging
  3900 | D        | Killed a hell hog
  3901 | D        | Killed a hell hog
  3901 | D        | Killed a hell hog
  3902 | D        | Reached XP level 12. HP: 39/67 MP: 10/34
  3905 | D        | HP: 2/67 [hell knight/+5 battleaxe (21)]
  3909 | D        | Identified Sif Muna's Disquisition on the Rocks and
                  | Fascination (Sif Muna gifted it to you in the Dungeon)
  3909 | D        | Received a gift from Sif Muna
  4045 | D        | Noticed Saint Roka
  4050 | D        | Killed a vampire knight
  4051 | D        | Reached skill level 5 in Fighting
  4051 | D        | Reached skill level 10 in Air Magic
  4056 | D        | Identified Sif Muna's Papyrus of Confrontation (Sif Muna
                  | gifted it to you in the Dungeon)
  4056 | D        | Received a gift from Sif Muna
  4066 | D        | Killed Saint Roka
  4067 | D        | Reached skill level 5 in Staves
  4369 | D        | Identified Sif Muna's Guide on Blows and Bruises (Sif Muna
                  | gifted it to you in the Dungeon)
  4369 | D        | Received a gift from Sif Muna
  4372 | D        | Reached skill level 5 in Armour
  4378 | D        | Reached skill level 10 in Stealth
  4591 | D        | Noticed Donald
  4591 | D        | Noticed a two-headed ogre
  4591 | D        | Noticed a deep elf annihilator
  4595 | D        | Noticed a red draconian
  4597 | D        | Killed a deep elf annihilator
  4597 | D        | Identified Sif Muna's Almanac of Feathery Confrontation
                  | (Sif Muna gifted it to you in the Dungeon)
  4597 | D        | Received a gift from Sif Muna
  4597 | D        | Noticed Frances
  4598 | D        | Noticed a dire elephant
  4599 | D        | Killed Donald
  4600 | D        | Reached XP level 13. HP: 57/76 MP: 3/35
  4600 | D        | Noticed Agnes
  4602 | D        | Killed a red draconian
  4604 | D        | Killed Frances
  4605 | D        | Killed Agnes
  4606 | D        | Reached skill level 10 in Fire Magic
  4606 | D        | Reached skill level 10 in Earth Magic
  4614 | D        | Identified Sif Muna's Almanac of Earthen Feathers (Sif Muna
                  | gifted it to you in the Dungeon)
  4614 | D        | Received a gift from Sif Muna
  4614 | D        | Killed a dire elephant
  4625 | D        | Identified Sif Muna's Catalogue of Evil Enchantment (Sif
                  | Muna gifted it to you in the Dungeon)
  4625 | D        | Received a gift from Sif Muna
  4892 | D        | Learned a level 6 spell: Starburst
  4899 | D        | Learned a level 6 spell: Iron Shot
  4949 | D        | Noticed an orc warlord
  4959 | D        | Killed an orc warlord
  4997 | D        | Received a gift from Sif Muna
  5033 | D        | Noticed a nagaraja
  5043 | D        | Killed a nagaraja
  5072 | D        | Received a gift from Sif Muna
  5131 | D        | Noticed a mummy priest
  5137 | D        | Killed a mummy priest
  5138 | D        | Reached skill level 10 in Staves
  5138 | D        | Reached XP level 14. HP: 39/86 MP: 12/36
  5138 | D        | Identified Sif Muna's Compendium of Shifting Battle Magic
                  | (Sif Muna gifted it to you in the Dungeon)
  5138 | D        | Received a gift from Sif Muna
  5157 | D        | Reached skill level 15 in Dodging
  5157 | D        | Noticed an orc warlord
  5163 | D        | Killed an orc warlord
  5288 | D        | Identified Sif Muna's Reference Book on the Unstable Birds
                  | (Sif Muna gifted it to you in the Dungeon)
  5288 | D        | Received a gift from Sif Muna
  5763 | D        | Got the +3 ring mail of Perpetual Drought {rF+ rC+}
  5812 | D        | Found the +9 heavy crossbow "Sniper" {vorpal, Acc+∞ SInv}
  5926 | D        | Identified Sif Muna's Catalogue of Scorching Unholy Arts
                  | (Sif Muna gifted it to you in the Dungeon)
  5926 | D        | Received a gift from Sif Muna
  5929 | D        | Reached skill level 1 in Shields
  6058 | D        | Reached skill level 17 in Spellcasting
  6083 | D        | Received a gift from Sif Muna
  6113 | D        | Reached skill level 10 in Armour
  6236 | D        | Noticed a hellephant
  6323 | D        | Received a gift from Sif Muna
  6336 | D        | Killed a hellephant
  6357 | D        | Noticed a daeva
  6370 | D        | Killed from afar by a daeva

Illustrated notes

Levels and vault maps discovered:
D:        pitsprint [storerooms_1, entrance_room_1, metal_vault_3, armoury_3,
          mini_pit_1, grid_room_1, main_hall_1, silver_pit, the_coven_1,
          the_vestibule_1, steel_vault_5, golden_pit, hallway_of_sentries,
          crystal_vault_5, iron_vault_1, final_vault]

Skill      XL: |  1  2  3  4  5  6  7  8  9 10 11 12 13 14 |
---------------+-------------------------------------------+-----
Fighting       | 3 4 6 9 |  9.7
Dodging        | 5 6 9 10 12 14 16 | 16.7
Stealth        | 5 7 10 12 | 12.2
Spellcasting   | 6 9 10 12 13 15 16 17 | 17.9
Ice Magic      | 6 7 9 10 11 12 13 14 15 | 15.0
Conjurations   | 1 5 7 9 10 12 13 | 13.7
Invocations    | 1 5 7 9 10 12 13 14 | 14.2
Air Magic      | 3 7 9 11 12 | 12.4
Fire Magic     | 6 9 12 14 | 14.2
Earth Magic    | 6 9 11 | 11.4
Staves         | 3 6 10 12 | 12.0
Armour         | 2 5 8 10 | 10.0
Shields        | 4 |  4.6

Action                   |  1- 3 |  4- 6 |  7- 9 | 10-12 | 13-15 || total
-------------------------+-------+-------+-------+-------+-------++-------
Melee: Unarmed           |    37 |       |       |       |       ||    37
       Quarterstaff      |       |     2 |    11 |    24 |       ||    37
       Lajatang          |       |       |       |    20 |       ||    20
       Staff             |       |       |       |     3 |    18 ||    21
 Cast: Freeze            |     1 |    10 |    20 |       |     9 ||    40
       Frozen Ramparts   |       |     3 |     8 |    16 |     9 ||    36
       Ozocubu's Armour  |       |     3 |     5 |    16 |     4 ||    28
       Hailstorm         |       |       |    14 |    24 |    10 ||    48
       Bolt of Magma     |       |       |       |    18 |    10 ||    28
       Lightning Bolt    |       |       |       |    14 |    17 ||    31
       Fireball          |       |       |       |    11 |    57 ||    68
       Chain Lightning   |       |       |       |     2 |     1 ||     3
       Freezing Cloud    |       |       |       |    11 |    21 ||    32
       Iron Shot         |       |       |       |       |    24 ||    24
       Lehudib's Crystal |       |       |       |       |     3 ||     3
       Shatter           |       |       |       |       |     1 ||     1
       Starburst         |       |       |       |       |     3 ||     3
Invok: Divine Exegesis   |       |       |       |     5 |     5 ||    10
       Channel Magic     |       |       |       |     4 |    17 ||    21
 Abil: Stop Flying       |       |       |       |       |     1 ||     1
  Use: Potion            |       |       |     3 |     9 |    11 ||    23
       Scroll            |       |       |       |     1 |     3 ||     4
Armor: Robe              |       |     3 |     2 |       |       ||     5
       Leather armour    |       |       |     5 |    16 |     4 ||    25
Dodge: Dodged            |       |     3 |    26 |    91 |    44 ||   164
Block: Buckler           |       |       |       |       |     1 ||     1
       Reflection        |       |       |       |       |     1 ||     1

Table legend: (Time is in decaauts)
 A = Elapsed time spent in this place.
 B = Non-inter-level travel time spent in this place.
 C = Inter-level travel time spent in this place.
 D = Time resting spent in this place.
 E = Time spent auto-exploring this place.
 F = Levels seen in this place.
 G = Mean time per level.
                   A        B        C        D        E       F      G
               +--------+--------+--------+--------+--------+-----+--------+
         Total |   6392 |   6392 |      0 |   4109 |      0 |   1 | 6392.0 |
       Dungeon |   6392 |   6392 |      0 |   4109 |      0 |   1 | 6392.0 |
               +--------+--------+--------+--------+--------+-----+--------+

Top non-repeatable levels by time:
       D: 6392 daAuts
